 Dungeon Crawl Stone Soup version 0.26-a0-771-g060e6a6 (webtiles) character file.

Game seed: 17967173665026485410

3217 MrTaco21 the Basher (level 9, -2/54 HPs)
             Began as a Gargoyle Fighter on Nov 8, 2020.
             Was an Initiate of Okawaru.
             Slain by a wyvern (3 damage)
             ... on level 7 of the Dungeon.
             The game lasted 00:09:33 (6108 turns).

MrTaco21 the Basher (Gargoyle Fighter)              Turns: 6108, Time: 00:09:34

Health: -2/54      AC: 21    Str: 22    XL:     9   Next: 97%
Magic:  9/9        EV:  4    Int: 10    God:    Okawaru [......]
Gold:   381        SH: 15    Dex:  9    Spells: 8/8 levels left

rFire    + . .     SeeInvis .   C - +0 morningstar
rCold    + . .     Faith    .   c - +0 kite shield
rNeg     + . .     Spirit   .   v - +0 plate armour
rPois    ∞         Reflect  +   (no helmet)
rElec    +         Harm     .   f - scarf {rC+ rF+}
rCorr    .         Rampage  .   (no gloves)
MR       +....                  (no boots)
Stlth    ..........             m - amulet of reflection
HPRegen  0.18/turn              q - +4 ring of protection
MPRegen  0.11/turn              l - ring of protection from magic

@: no status effects
A: negative energy resistance 1, electricity resistance, unbreathing,
petrification resistance, rot immunity, AC +6
a: Renounce Religion


You were on level 7 of the Dungeon.
You worshipped Okawaru.
Okawaru was noncommittal.
You visited 2 branches of the dungeon, and saw 9 of its levels.

You collected 381 gold pieces.

Inventory:

Hand Weapons
 w - a +3 mace
   (You took it off an orc on level 4 of the Dungeon)
 C - a +0 morningstar (weapon)
   (You took it off an orc on level 5 of the Dungeon)
 D - a +0 flail of holy wrath
   (You took it off an orc on level 5 of the Dungeon)
Missiles
 x - 2 throwing nets {!f}
 G - 38 poisoned darts (quivered)
Armour
 c - a +0 kite shield (worn)
 f - a scarf of resistance (worn)
   (You found it on level 1 of the Dungeon)
 v - a +0 plate armour (worn)
   (You found it on level 4 of the Dungeon)
Jewellery
 l - a ring of protection from magic (right hand)
   (You found it on level 3 of the Dungeon)
 m - an amulet of reflection (around neck)
   (You found it on level 7 of the Dungeon)
 q - a +4 ring of protection (left hand)
   (You found it on level 3 of the Dungeon)
Wands
 d - a wand of iceblast (9)
   (You found it on level 8 of the Dungeon)
 t - a wand of flame (25)
   (You took it off Maggie on level 7 of the Dungeon)
 u - a wand of paralysis (7)
   (You found it on level 7 of the Dungeon)
Scrolls
 a - 3 scrolls of magic mapping {unknown}
 b - 2 scrolls of fear {unknown}
 h - 2 scrolls of remove curse {@r2}
 i - 6 scrolls of identify {@r1}
 j - a scroll of teleportation {@r4}
 o - 2 scrolls of random uselessness
 y - 2 scrolls of fog {unknown}
 A - a scroll of torment {unknown}
 B - a scroll of noise {unknown}
 E - 2 scrolls of enchant armour {unknown}
Potions
 e - 4 potions of resistance {unknown}
 g - a potion of mutation {unknown}
 k - 4 potions of curing {unknown}
 n - a potion of flight {unknown}
 p - a potion of haste {unknown}
 r - 2 potions of ambrosia {unknown}
 s - 2 potions of degeneration {unknown}
 z - 2 potions of heal wounds {unknown}
 F - 2 potions of attraction {unknown}
 H - a potion of brilliance {unknown}
 I - 3 potions of might


   Skills:
 + Level 5.2 Fighting
 + Level 12.4 Maces & Flails
 - Level 3.2 Armour
 + Level 5.2 Shields


You had 8 spell levels left.
You didn't know any spells.
Your spell library was empty.

Dungeon Overview and Level Annotations

Branches:
Dungeon (8/15)             Temple (1/1) D:7
   Lair: D:8-11

Altars:
Ashenzari
Cheibriados
Dithmenos
Elyvilon
Fedhas
Gozag
Hepliaklqana
Kikubaaqudgha
Makhleb
Nemelex Xobeh
Okawaru
Qazlal
Ru
Sif Muna
Trog
Uskayaw
Vehumet
Wu Jian
Xom
Yredelemnul
Zin
The Shining One


Innate Abilities, Weirdness & Mutations

You are resistant to torment.
Your stone body is resilient. (AC +6)
You are immune to poison.
You resist negative energy. (rN+)
You are resistant to electric shocks. (rElec)
You can survive without breathing.
You are immune to petrification.
You are immune to rotting.


Message History

The wyvern bites you but does no damage.
The yak gores you but does no damage.
You barely miss the yak. You block the wyvern's attack.
The yak gores you but does no damage.
Your plate armour prevents you from hitting the yak.
The wyvern bites you but does no damage.
You block the yak's attack. The wyvern bites you!
* * * LOW HITPOINT WARNING * * *
The wyvern bites you.
* * * LOW HITPOINT WARNING * * *
You block the wyvern's attack. You block the wyvern's attack.
You block the wyvern's attack.
There is a stone staircase leading up here.
The wyvern bites you.
* * * LOW HITPOINT WARNING * * *
You climb upwards.
There is a stone staircase leading down here.
You hit the wyvern. The wyvern bites you.
* * * LOW HITPOINT WARNING * * *
The wyvern barely misses you.
You hit the wyvern. You block the wyvern's attack.
You barely miss the wyvern.
The wyvern bites you but does no damage.
You block the wyvern's attack.
You barely miss the wyvern. The wyvern bites you.
* * * LOW HITPOINT WARNING * * *
You completely miss the wyvern. The wyvern barely misses you.
Unknown command.
You closely miss the wyvern.
The wyvern bites you but does no damage. x2
Unknown command.
You closely miss the wyvern. You block the wyvern's attack.
Unknown command.
You hit the wyvern but do no damage. The wyvern barely misses you. x2
Unknown command.
You hit the wyvern but do no damage. You block the wyvern's attack.
Unknown command.
You hit the wyvern. The wyvern bites you!
* * * LOW HITPOINT WARNING * * *
You thump the wyvern!
The wyvern bites you but does no damage.
You block the wyvern's attack.
Unknown command.
Your plate armour prevents you from hitting the wyvern.
You block the wyvern's attack.
Unknown command.
You barely miss the wyvern. You block the wyvern's attack.
The wyvern bites you.
You die...

#.........# #.#
#.........# #.#
##.....#.### #.#
#......._..#####.####
#......#.#...........
#..>......######.####
#..)......# #.#
#.........# ###
##..@....## ##..l).##
#######


You could see a wyvern.

Vanquished Creatures
  Maggie (D:7)
  Grinder (D:6)
  Sigmund (D:3)
  Eustachio (D:6)
  2 basilisks (D:8)
  An ice beast (D:6)
  2 ogres
  2 centaurs
  A necrophage (D:6)
  A big kobold (D:8)
  4 bullfrogs
  A gnoll sergeant (D:6)
  2 scorpions
  5 wights
  5 howler monkeys
  A centaur zombie (D:7)
  2 orc priests (D:5)
  A bullfrog skeleton (D:4)
  5 hounds
  5 orc wizards
  An iguana (D:6)
  3 worker ants
  A howler monkey zombie (D:7)
  A worker ant zombie (D:5)
  14 adders
  4 gnolls (D:6)
  3 shadow imps
  2 white imps
  A dart slug (D:2)
  4 leopard geckos
  17 orcs
  2 ball pythons
  10 giant cockroaches
  6 goblins
  5 hobgoblins
  11 jackals
  4 quokkas
  10 bats
  5 frilled lizards
  10 kobolds
  A leopard gecko skeleton (D:4)
  2 quokka zombies (D:5)
  A rat (D:2)
162 creatures vanquished.

Vanquished Creatures (others)
  A bush (D:8)
  3 fungi (D:8)
  15 plants (D:8)
19 creatures vanquished.

Grand Total: 181 creatures vanquished

Notes
Turn   | Place    | Note
-------+----------+-------------------------------------------
     0 | D:1      | MrTaco21 the Gargoyle Fighter began the quest for the Orb.
     0 | D:1      | Reached XP level 1. HP: 14/14 MP: 1/1
   204 | D:1      | Reached XP level 2. HP: 19/19 MP: 2/2
   603 | D:2      | Reached skill level 3 in Maces & Flails
   665 | D:2      | Reached XP level 3. HP: 23/23 MP: 3/3
   774 | D:2      | Found a glowing golden altar of the Shining One.
   783 | D:2      | Found a basalt altar of Yredelemnul.
   785 | D:2      | Noticed a profane servitor
  1107 | D:2      | Reached skill level 4 in Maces & Flails
  1373 | D:2      | Noticed an angel
  1460 | D:3      | Noticed Sigmund
  1509 | D:3      | Killed Sigmund
  1509 | D:3      | Reached skill level 5 in Maces & Flails
  1509 | D:3      | Reached XP level 4. HP: 25/28 MP: 4/4
  1509 | D:3      | Reached XP level 5. HP: 28/32 MP: 5/5
  1610 | D:3      | Reached skill level 6 in Maces & Flails
  1645 | D:3      | Reached XP level 6. HP: 35/37 MP: 6/6
  2461 | D:4      | Reached skill level 7 in Maces & Flails
  2518 | D:4      | Found a transporter.
  2531 | D:4      | Found a transporter.
  2560 | D:4      | Found an ornate altar of the Wu Jian Council.
  2574 | D:4      | Found a hide-covered altar of Uskayaw.
  2575 | D:4      | Found a sparkling altar of Nemelex Xobeh.
  2651 | D:4      | Reached XP level 7. HP: 41/41 MP: 7/7
  3127 | D:4      | Reached skill level 8 in Maces & Flails
  3247 | D:5      | Entered Level 5 of the Dungeon
  3460 | D:5      | Reached skill level 9 in Maces & Flails
  3460 | D:5      | Reached XP level 8. HP: 43/46 MP: 8/8
  4436 | D:6      | Reached skill level 10 in Maces & Flails
  4465 | D:6      | Noticed Grinder
  4472 | D:6      | Killed Grinder
  4520 | D:6      | Reached skill level 11 in Maces & Flails
  4531 | D:6      | Reached XP level 9. HP: 33/51 MP: 9/9
  4653 | D:6      | Reached skill level 12 in Maces & Flails
  4921 | D:6      | Noticed Eustachio
  4968 | D:6      | Killed Eustachio
  5245 | D:7      | Found a broken altar of Ashenzari.
  5485 | D:7      | Found a staircase to the Ecumenical Temple.
  5597 | D:7      | Noticed Maggie
  5614 | D:7      | Killed Maggie
  5833 | Temple   | Entered the Ecumenical Temple
  5975 | Temple   | Became a worshipper of Warmaster Okawaru
  6067 | D:8      | Reached skill level 5 in Fighting
  6067 | D:8      | Reached skill level 5 in Shields
  6105 | D:7      | HP: 1/54 [wyvern (8)]
  6108 | D:7      | Slain by a wyvern

Illustrated notes

Levels and vault maps discovered:
D:1:      lemuel_arrival_river_ford, layout_loops_ring
D:2:      layout_loops_cross, grunt_temple_overflow_holy_war,
          minmay_misc_feat_five
D:3:      layout_basic, minmay_statues_item, uniq_sigmund
D:4:      layout_basic, gammafunk_temple_overflow_arena
D:5:      layout_gridville, minivault_23
D:6:      layout_rooms, uniq_eustachio, uniq_grinder
D:7:      layout_rooms, ashenzari_altar_1, minmay_temple_entry_trees,
          uniq_maggie
D:8:      layout_rooms, minmay_lair_entry_grove, uniq_harold
Temple:   eino_temple_rhombus

Skill      XL: |  1  2  3  4  5  6  7  8  9 |
---------------+----------------------------+-----
Maces & Flails | 3 5 6 7 9 11 12 | 12.4
Fighting       | 5 |  5.2
Shields        | 5 |  5.2
Armour         | |  3.2

Action                   |  1- 3 |  4- 6 |  7- 9 || total
-------------------------+-------+-------+-------++-------
Melee: Flail             |   124 |   139 |       ||   263
       Mace              |       |     7 |   142 ||   149
       Morningstar       |       |       |   347 ||   347
  Use: Scroll            |       |     2 |     1 ||     3
Armor: Scale mail        |    69 |    79 |   127 ||   275
       Plate armour      |       |       |   195 ||   195
Dodge: Dodged            |    53 |    50 |   119 ||   222
Block: Kite shield       |    66 |    65 |   321 ||   452
       Reflection        |       |       |     5 ||     5

Table legend: (Time is in decaauts)
 A = Elapsed time spent in this place.
 B = Non-inter-level travel time spent in this place.
 C = Inter-level travel time spent in this place.
 D = Time resting spent in this place.
 E = Time spent auto-exploring this place.
 F = Levels seen in this place.
 G = Mean time per level.
                   A        B        C        D        E       F      G
               +--------+--------+--------+--------+--------+-----+--------+
         Total |   6171 |   5749 |    422 |    385 |   3980 |   9 |  685.7 |
       Dungeon |   6013 |   5606 |    407 |    385 |   3842 |   8 |  751.6 |
        Temple |    158 |    143 |     15 |      0 |    138 |   1 |  158.0 |
               +--------+--------+--------+--------+--------+-----+--------+

Top non-repeatable levels by time:
     D:5: 1172 daAuts
     D:4: 1061 daAuts
     D:2: 836 daAuts
     D:6: 805 daAuts
     D:3: 798 daAuts
     D:7: 640 daAuts
     D:1: 615 daAuts
  Temple: 158 daAuts
     D:8: 82 daAuts
